 Dungeon Crawl Stone Soup version 0.25.1-2-g60ff931df9 (webtiles) character file.

Game seed: 9997617455082251475

8148 BledDest the Cruncher (level 11, -10/81 HPs)
             Began as a Demonspawn Chaos Knight on Aug 2, 2020.
             Was a Plaything of Xom.
             Mangled by a skeletal warrior
             ... wielding a +0 hand axe
             ... led by a skeletal warrior
              (11 damage)
             ... on level 8 of the Dungeon.
             The game lasted 00:16:43 (9888 turns).

BledDest the Cruncher (Demonspawn Chaos Knight)     Turns: 9888, Time: 00:16:44

Health: -10/81     AC: 12    Str: 14    XL:     11   Next: 6%
Magic:  0/15       EV: 12    Int: 13    God:    Xom [....*.]
Gold:   445        SH:  0    Dex: 21    Spells: 10/10 levels left

rFire    . . .     SeeInvis .   j - +3 quarterstaff (chaos)
rCold    + . .     Gourm    .   (shield currently unavailable)
rNeg     . . .     Faith    .   D - +3 scale mail {rC+}
rPois    +         Spirit   +   (helmet restricted)
rElec    .         Reflect  .   k - +0 cloak
rCorr    .         Harm     .   (no gloves)
MR       .....                  (no boots)
Stlth    ..........             A - amulet of the acrobat
HPRegen  0.23/turn              H - +6 ring of dexterity
MPRegen  0.28/turn              J - ring of poison resistance

@: no status effects
A: claws 2, horns 1, talons 2, poison resistance, shaggy fur 1, evolution 1,
magic shield, magic regeneration, magic link
a: Renounce Religion


You were on level 8 of the Dungeon.
You worshipped Xom.
You were a beloved toy of Xom.
You were not hungry.

You visited 1 branch of the dungeon, and saw 9 of its levels.

You collected 445 gold pieces.

Inventory:

Hand Weapons
 a - a +0 mace of chaos
 j - a +3 quarterstaff of chaos (weapon)
 m - a +0 club
Missiles
 d - 167 stones (quivered)
 s - 19 boomerangs
 v - 25 poisoned darts
 G - 5 curare-tipped darts
Armour
 b - a +3 leather armour
 k - a +0 cloak (worn)
 D - a +3 scale mail of cold resistance (worn)
Jewellery
 y - an uncursed ring of magical power
 A - an amulet of the acrobat (around neck)
 B - an uncursed ring of stealth
 H - a +6 ring of dexterity (left claw)
 J - a ring of poison resistance (right claw)
Wands
 f - a wand of digging (7)
 E - a wand of paralysis (9)
 M - a wand of clouds (14)
Scrolls
 e - 3 scrolls of enchant armour
 i - 2 scrolls of noise {unknown}
 l - a scroll of amnesia
 q - 2 scrolls of enchant weapon {unknown}
 r - 8 scrolls of identify
 t - 2 scrolls of fear {unknown}
 w - 2 scrolls of fog {unknown}
 F - 3 scrolls of remove curse
 I - a scroll of summoning {unknown}
Potions
 g - a potion of cancellation {unknown}
 h - 2 potions of brilliance
 n - 2 potions of curing
 o - a potion of lignification {unknown}
 p - a potion of stabbing {unknown}
 u - a potion of mutation {unknown}
 x - a potion of might {unknown}
 C - a potion of heal wounds
 K - a potion of degeneration {unknown}
 L - a potion of flight
Miscellaneous
 z - a phantom mirror
Comestibles
 c - 15 rations


   Skills:
 + Level 6.3 Fighting
 - Level 4.8(8.7) Maces & Flails
 + Level 11.1(11.5) Staves
 + Level 5.3 Armour
 + Level 5.0 Dodging
 + Level 5.4 Evocations


You had 10 spell levels left.
You didn't know any spells.
Your spell library contained the following spells:

 Spells                   Type           Power        Failure   Level  Hunger
 Beastly Appendage        Tmut           #.....       75%         1    ##.....
 Summon Small Mammal      Summ           #...         75%         1    ##.....
 Call Imp                 Summ           #.......     87%         2    ###....
 Sticks to Snakes         Tmut           #.......     87%         2    ###....
 Call Canine Familiar     Summ           #.......     98%         3    ####...
 Spider Form              Tmut/Pois      #.........   98%         3    ####...
 Summon Guardian Golem    Hex/Summ       #.......     98%         3    ####...
 Ice Form                 Ice/Tmut       #.......     100%        4    #####..
 Summon Ice Beast         Ice/Summ       #.......     100%        4    #####..
 Summon Lightning Spire   Summ/Air       #.......     100%        4    #####..
 Blade Hands              Tmut           #.........   100%        5    ######.


Dungeon Overview and Level Annotations

Branches:
Dungeon (9/15)             Temple (0/1) D:4            Lair (0/6) D:8
    Orc: D:9-12

Altars:
Elyvilon
Fedhas
Hepliaklqana
Trog
Vehumet
Xom


Innate Abilities, Weirdness & Mutations

You have very sharp fingernails.
You have razor-sharp toenails.
When hurt, damage is shared between your health and your magic reserves.
You regenerate magic rapidly.
When low on magic, you restore magic in place of health.
You have a pair of small horns on your head.
Your system is resistant to poisons. (rPois)
You are covered in fur. (AC +1)
You evolve.


Message History

The skeletal warrior is heavily damaged.
The skeletal warrior hits you with a +0 hand axe!
* * * LOW HITPOINT WARNING * * *
The skeletal warrior barely misses you.
You closely miss the skeletal warrior. Your kick misses the skeletal warrior.
Your headbutt misses the skeletal warrior.
The skeletal warrior is heavily damaged.
The skeletal warrior misses you.
The skeletal warrior hits you with a +0 hand axe.
* * * LOW HITPOINT WARNING * * *
You sock the skeletal warrior!
The skeletal warrior appears confused.
The skeletal warrior is heavily damaged.
You catch the helpless skeletal warrior completely off-guard!
You hit the skeletal warrior but do no damage.
The skeletal warrior suddenly seems more agile.
You claw the skeletal warrior, but do no damage.
The skeletal warrior is heavily damaged.
The skeletal warrior hits you with a +0 hand axe!
You die...
Xom is highly amused!

......#.<......#####....##
......#.......## ##.....###
..#....#.....## ##........###
.##.......(.## ##...........###
###....[..### #..............##
#....####.#######................
...### #....................#...
.### ##......z.............##..
## ##..#####z@.....(.......... #
#..## ##................. ##..#
##............##.. #..######
##...((......##.. ##.###)..###
##..>.......##.. # ##..........##
##.........###.
####............## ####......# #.
##...............## ######## #.
.#.....[..........# #.


You could see 2 skeletal warriors.

Vanquished Creatures
  A hydra (D:8)
  A two-headed ogre (D:9)
  A sea snake (D:7)
  The ghost of Ethylacetat the Zephyrmancer, a novice OpAE of Vehumet (D:7)
  Pikel (D:6)
  A moth of wrath (D:7)
  A kobold demonologist (D:7)
  A komodo dragon (shapeshifter) (D:9)
  Grinder (D:5)
  A hornet (D:7)
  A hippogriff (D:7)
  4 yaks (D:7)
  2 hungry ghosts
  Menkaure (D:5)
  2 slaves (D:6)
  An ice beast (D:5)
  A sky beast (D:6)
  4 ogres
  2 phantoms
  4 centaurs
  A big kobold (D:7)
  Blork the orc (D:6)
  5 bullfrogs
  A water moccasin skeleton (D:6)
  3 scorpions
  3 wights (D:8)
  2 howler monkeys
  7 crimson imps
  A centaur zombie (D:5)
  A quasit (D:8)
  A bullfrog zombie (D:7)
  2 hounds (D:8)
  A centaur skeleton (D:6)
  An orc priest (D:5)
  3 jellies
  2 orc wizards
  5 iguanas
  Crazy Yiuf (D:2)
  3 worker ants
  2 hound zombies
  3 gnolls (D:6)
  14 adders
  3 oozes
  An adder skeleton (D:6)
  4 worms
  3 dart slugs
  2 leopard geckos (D:3)
  20 orcs
  6 bats
  5 giant cockroaches
  8 goblins
  4 hobgoblins
  14 jackals
  10 kobolds
  A quokka (D:2)
  2 ball pythons
  A frilled lizard (D:3)
  3 rats
182 creatures vanquished.

Vanquished Creatures (collateral kills)
  A wight (D:8)
  An orc priest (D:6)
  An iguana (D:9)
  A worker ant (D:6)
  A shadow imp (D:9)
  3 orcs
8 creatures vanquished.

Vanquished Creatures (others)
  An ooze (D:2)
  A worm (D:6)
  2 kobolds (D:2)
4 creatures vanquished.

Grand Total: 194 creatures vanquished

Notes
Turn   | Place    | Note
-------+----------+-------------------------------------------
     0 | D:1      | BledDest the Demonspawn Chaos Knight began the quest for
                  | the Orb.
     0 | D:1      | Reached XP level 1. HP: 18/18 MP: 1/1
     8 | D:1      | XOM: silly message
    13 | D:1      | XOM: butterfly on damage
   181 | D:1      | Gained mutation: You have sharp fingernails. [demonic
                  | ancestry]
   181 | D:1      | Reached XP level 2. HP: 24/24 MP: 2/2
   259 | D:1      | XOM: silly message
   289 | D:1      | XOM: silly message
   862 | D:2      | Gained mutation: You have sharp toenails. [demonic
                  | ancestry]
   862 | D:2      | Reached XP level 3. HP: 20/29 MP: 3/3
  1048 | D:2      | Found a white marble altar of Elyvilon.
  1570 | D:2      | XOM: silly message
  1614 | D:2      | Gained mutation: You have razor-sharp toenails. [demonic
                  | ancestry]
  1614 | D:2      | Reached XP level 4. HP: 30/35 MP: 4/4
  1646 | D:2      | XOM: divination: magic mapping
  1698 | D:2      | Found a blossoming altar of Fedhas.
  1963 | D:2      | Found a runed translucent door.
  1964 | D:2      | Noticed Crazy Yiuf
  1966 | D:2      | XOM: silly message
  1972 | D:2      | Killed Crazy Yiuf
  2381 | D:3      | Reached skill level 1 in Staves
  2526 | D:3      | Gained mutation: When hurt, damage is shared between your
                  | health and your magic reserves. [demonic ancestry]
  2526 | D:3      | Reached XP level 5. HP: 41/41 MP: 5/5
  2531 | D:3      | XOM: silly message
  2562 | D:3      | XOM: silly message
  2600 | D:3      | XOM: potion effect (invisibility)
  2606 | D:3      | Reached skill level 2 in Staves
  2803 | D:3      | Reached skill level 3 in Staves
  2839 | D:3      | XOM: divination: detect creatures
  2882 | D:3      | XOM: scenery: create altars
  2957 | D:3      | XOM: give mutation
  2957 | D:3      | Gained mutation: You have a pair of small horns on your
                  | head. [Xom's grace]
  3152 | D:4      | Noticed an ogre
  3167 | D:4      | Killed an ogre
  3167 | D:4      | Reached XP level 6. HP: 47/47 MP: 6/6
  3260 | D:4      | XOM: summons 6 friendly demons
  3264 | D:4      | Reached skill level 4 in Staves
  3286 | D:4      | XOM: god gift: 13 arrows
  3486 | D:4      | Found a staircase to the Ecumenical Temple.
  3486 | D:4      | XOM: 4-stop teleportation journey
  3508 | D:4      | XOM: destruction
  3923 | D:5      | Entered Level 5 of the Dungeon
  3953 | D:5      | Reached skill level 5 in Staves
  3960 | D:5      | Reached XP level 7. HP: 52/52 MP: 7/7
  4017 | D:5      | XOM: cleaving
  4178 | D:5      | Reached skill level 6 in Staves
  4191 | D:5      | Noticed Menkaure
  4196 | D:5      | Killed Menkaure
  4354 | D:5      | XOM: silly message
  4567 | D:5      | Noticed Grinder
  4568 | D:5      | Paralysed by Grinder for 2 turns
  4570 | D:5      | XOM: divination: detect items
  4573 | D:5      | XOM: silly message
  4581 | D:5      | XOM: confuse monster(s)
  4591 | D:5      | Paralysed by Grinder for 4 turns
  4601 | D:5      | Killed Grinder
  4601 | D:5      | Reached skill level 7 in Staves
  4601 | D:5      | Gained mutation: You regenerate magic rapidly. [demonic
                  | ancestry]
  4601 | D:5      | Reached XP level 8. HP: 18/58 MP: 4/8
  5286 | D:6      | Reached skill level 8 in Staves
  5349 | D:6      | XOM: give mutation
  5349 | D:6      | Gained mutation: You are covered in fur. (AC +1) [Xom's
                  | grace]
  5358 | D:6      | XOM: cast spell 'Summon Ice Beast'
  5418 | D:6      | Found a radiant altar of Vehumet.
  5423 | D:6      | Noticed Blork the orc
  5431 | D:6      | Killed Blork the orc
  5436 | D:6      | XOM: confuse monster(s)
  5500 | D:6      | XOM: silly message
  5570 | D:6      | XOM: confuse monster(s)
  5619 | D:6      | Noticed Pikel
  5622 | D:6      | XOM: noise
  5638 | D:6      | XOM: divination: detect creatures
  5639 | D:6      | Killed Pikel
  5639 | D:6      | Reached skill level 9 in Staves
  5639 | D:6      | Reached XP level 9. HP: 40/63 MP: 7/9
  5656 | D:6      | Reached skill level 10 in Staves
  5841 | D:6      | Reached skill level 1 in Dodging
  6027 | D:7      | Reached skill level 1 in Evocations
  6108 | D:7      | XOM: noise
  6247 | D:7      | Noticed a kobold demonologist
  6249 | D:7      | Noticed a two-headed ogre
  6253 | D:7      | Noticed a sea snake
  6253 | D:7      | a two-headed ogre changed into a sea snake
  6253 | D:7      | XOM: polymorph two-headed ogre -> sea snake
  6254 | D:7      | Killed a kobold demonologist
  6262 | D:7      | XOM: enchant monster (good)
  6269 | D:7      | Killed a sea snake
  6283 | D:7      | Got a translucent chain mail
  6294 | D:7      | Identified the +0 chain mail of the Comet {*Drain +Inv
                  | SInv} (You found it on level 7 of the Dungeon)
  6543 | D:7      | XOM: silly message
  6549 | D:7      | XOM: confuse monster(s)
  6586 | D:7      | XOM: enchant monster (good)
  6590 | D:7      | Gained mutation: You have very sharp fingernails. [demonic
                  | ancestry]
  6590 | D:7      | Reached XP level 10. HP: 65/73 MP: 12/12
  6686 | D:7      | Reached skill level 5 in Fighting
  6799 | D:7      | XOM: 1-stop teleportation journey
  7010 | D:7      | Noticed Ethylacetat's ghost (novice OpAE)
  7010 | D:7      | Noticed a moth of wrath
  7013 | D:7      | Found a bloodstained altar of Trog.
  7027 | D:7      | Found a transporter.
  7041 | D:7      | Found a transporter.
  7052 | D:7      | XOM: divination: magic mapping
  7058 | D:7      | Killed a moth of wrath
  7059 | D:7      | XOM: scenery: create altars
  7061 | D:7      | XOM: cast spell 'Call Canine Familiar'
  7074 | D:7      | Killed Ethylacetat's ghost
  7178 | D:7      | XOM: divination: magic mapping
  7334 | D:7      | XOM: summons 6 hostile demons
  7779 | D:8      | XOM: confusion (+ monsters)
  7960 | D:8      | Found a hazy altar of Hepliaklqana.
  7961 | D:8      | Found a shimmering altar of Xom.
  7982 | D:8      | Found a staircase to the Lair.
  8124 | D:8      | XOM: 5-stop teleportation journey
  8355 | D:8      | Noticed a four-headed hydra
  8366 | D:8      | Killed a four-headed hydra
  8593 | D:8      | XOM: give mutations
  8593 | D:8      | Gained mutation: Scrolls take you a little longer to read.
                  | [Xom's mischief]
  8593 | D:8      | Lost mutation: Scrolls take you a little longer to read.
                  | [Xom's mischief]
  8599 | D:8      | Reached skill level 11 in Staves
  8746 | D:8      | Reached skill level 5 in Evocations
  8868 | D:9      | Reached skill level 5 in Armour
  9102 | D:9      | Noticed a skeletal warrior
  9102 | D:9      | Noticed a skeletal warrior
  9102 | D:9      | Noticed a skeletal warrior
  9102 | D:9      | Noticed a skeletal warrior
  9102 | D:9      | Noticed a skeletal warrior
  9102 | D:9      | Noticed a two-headed ogre
  9102 | D:9      | XOM: polymorph sky beast -> scorpion
  9116 | D:8      | XOM: summons 4 hostile shadow creatures
  9117 | D:8      | Noticed a two-headed ogre
  9119 | D:8      | XOM: scenery: create altars
  9433 | D:9      | XOM: summons 10 friendly demons
  9457 | D:9      | XOM: confuse monster(s)
  9461 | D:9      | XOM: potion effect (might)
  9472 | D:8      | XOM: scenery: create altars
  9492 | D:8      | XOM: give mutations
  9492 | D:8      | Gained mutation: You evolve. [Xom's grace]
  9492 | D:8      | Gained mutation: Your system is resistant to poisons.
                  | (rPois) [Xom's grace]
  9510 | D:8      | XOM: scenery: create altars
  9763 | D:8      | XOM: god gift: club {god gift}
  9829 | D:9      | XOM: scenery: create altars
  9831 | D:9      | XOM: cast spell 'Call Canine Familiar'
  9837 | D:9      | Killed a two-headed ogre
  9837 | D:9      | Reached skill level 5 in Dodging
  9837 | D:9      | Gained mutation: When low on magic, you restore magic in
                  | place of health. [demonic ancestry]
  9837 | D:9      | Reached XP level 11. HP: 60/81 MP: 10/15
  9840 | D:9      | XOM: polymorph wolf -> crocodile
  9859 | D:8      | XOM: summons 1 hostile shadow creature
  9876 | D:8      | XOM: enchant monster (good)
  9885 | D:8      | HP: 2/81 [skeletal warrior/+0 hand axe[a skeletal warrior]
                  | (4)]
  9888 | D:8      | Mangled by a skeletal warrior

Illustrated notes

Levels and vault maps discovered:
D:1:      dpeg_arrival_renting, layout_loops_cross
D:2:      layout_basic, fedhas_altar_3, first_ration, elyvilon_altar_4,
          uniq_crazy_yiuf_cottage
D:3:      layout_basic, hangedman_decor_clover_reticule
D:4:      layout_loops_corners, temple_doors_e
D:5:      layout_gridville, uniq_menkaure, uniq_grinder
D:6:      layout_rooms, vehumet_crystals, uniq_blork_the_orc, uniq_pikel
D:7:      minmay_the_grid_octo_tiled_octocenter [minmay_the_grid_octo_pinwheel,
          minmay_the_grid_octo_thin_diamonds,
          minmay_the_grid_octo_checkerflower, minmay_the_grid_octo_77,
          minmay_the_grid_octo_prize_single_spiral,
          minmay_the_grid_square_5x5_empty,
          minmay_the_grid_square_5x5_tetrominoes, minmay_the_grid_square_5x5_n,
          minmay_the_grid_square_5x5_bracketed], layout_loops_ring,
          gammafunk_ghost_wrathful_warriors
D:8:      layout_cave_pods, regret_index_temple_of_mockery, lair_entry_dummy
D:9:      layout_cross, amethyst_overflow_temple_binary, hangedman_ranch
          [blue_anna_fruit_fields], uniq_joseph

Skill      XL: |  1  2  3  4  5  6  7  8  9 10 |
---------------+-------------------------------+-----
Maces & Flails | 3 4 |  4.8
Staves         | 1 3 5 7 9 10 11 | 11.1
Armour         | 3 5 |  5.3
Dodging        | 3 5 |  5.0
Evocations     | 3 5 |  5.4
Fighting       | 4 6 |  6.3

Action                   |  1- 3 |  4- 6 |  7- 9 | 10-12 || total
-------------------------+-------+-------+-------+-------++-------
Melee: Mace              |    92 |     7 |       |       ||    99
       Kick              |    10 |    18 |    61 |    79 ||   168
       Quarterstaff      |       |    88 |   207 |   228 ||   523
       Headbutt          |       |     5 |    46 |    50 ||   101
Throw: Stone             |     1 |     8 |     9 |       ||    18
  Use: Scroll            |     6 |     2 |     1 |     1 ||    10
       Potion            |       |       |     1 |     2 ||     3
 Stab: Sleeping          |     1 |       |     1 |       ||     2
       Distracted        |       |     1 |       |       ||     1
       Invisible         |       |     2 |       |       ||     2
       Paralysed         |       |       |     8 |     5 ||    13
       Petrified         |       |       |     2 |       ||     2
       Petrifying        |       |       |     1 |     2 ||     3
       Confused          |       |       |     1 |     1 ||     2
  Eat: Chunk             |     2 |     7 |     9 |    11 ||    29
       Ration            |       |       |       |     1 ||     1
Armor: Leather armour    |    43 |    22 |    51 |       ||   116
       Scale mail        |       |       |     3 |    90 ||    93
Dodge: Dodged            |    58 |    49 |    89 |   150 ||   346
